Map: Bastión celestial

Players

MrFercho

  • Race: Zerg Zerg
  • Spawn Location: 1:00

tigro - Winner!

  • Race: Terran Terran
  • Spawn Location: 7:00

VOD

Have the link to the VOD?

Description

Time

  • Played on: June 26, 2019, 12:33 a.m.
  • Length: 50:48
Show
View Real Time Build Order
Export as new Build Order

MrFercho Zerg 

Build Orders: Pool First 

Get SALT Encoding   

  12  0:07  Drone  
  12  0:09  Drone  
  14  0:18  Overlord  
  14  0:43  Extractor  
  14  0:46  Overlord  
  13  0:51  Drone  
  13  0:52  Drone  
  15  1:05  Extractor  
  15  1:07  Drone  
  15  1:17  Drone  
  16  1:27  Drone  
  17  1:45  Drone x2  
  19  2:00  Spawning Pool  
  18  2:05  Spawning Pool  
  18  2:06  Drone x2  
  19  2:24  Drone  
  19  2:29  Overlord  
  20  2:42  Burrow  
  20  2:51  Zergling x2  
  21  2:57  Metabolic Boost  
  21  3:24  Drone x3  
  24  3:53  Pneumatized Carapace  
  24  3:58  Drone x2  
  26  4:17  Hatchery  
  26  4:22  Evolution Chamber  
  24  4:35  Queen  
  26  4:41  Spine Crawler  
  25  4:52  Spine Crawler  
  25  4:57  Zergling x6  
  25  4:58  Spine Crawler  
  26  5:11  Queen  
  28  5:47  Queen  
  29  6:13  Lair  
  29  6:16  Overlord x2  
  29  6:17  Extractor, Overlord  
  28  6:20  Extractor  
  27  6:39  Drone x3  
  30  7:13  Zergling x4  
  30  7:14  Zergling x2  
  33  7:34  Drone  
  33  7:35  Drone x2  
  33  7:36  Roach Warren  
  35  7:43  Baneling Nest  
  34  8:02  Drone x2  
  34  8:03  Drone  
  37  8:18  Hydralisk Den  
  36  8:23  Infestation Pit  
  36  8:26  Drone x3  
  38  8:28  Queen  
  40  8:34  Nydus Network  
  40  8:35  Overlord x2  
  41  8:41  Roach  
  41  9:03  Queen  
  43  9:18  Glial Reconstitution  
  43  9:19  Hatchery  
  43  9:22  Muscular Augments  
  42  9:25  Pathogen Glands  
  42  9:39  Centrifical Hooks  
  42  10:11  Hydralisk  
  42  10:12  Hydralisk  
  42  10:13  Hydralisk  
  48  10:21  Neural Parasite  
  48  10:32  Hive  
  48  10:33  Grooved Spines  
  48  10:36  Lair, Tunneling Claws  
  48  10:48  Infestor x2  
  52  11:12  Drone x4  
  52  11:13  Drone x2  
  58  11:38  Drone x3  
  61  12:18  Spire  
  60  12:26  Ultralisk Cavern  
  59  12:41  Hive  
  59  12:51  Swarm Host  
  59  12:55  Roach x2  
  59  12:58  Zergling x6  
  69  13:36  Mutalisk x5  
  69  13:38  Ultralisk  
  85  13:42  Overlord x3  
  62  14:41  Corruptor  
  62  14:42  Corruptor  
  66  14:49  Zergling x2  
  66  14:50  Zergling x8  
  71  14:58  Hydralisk x2  
  71  14:59  Mutalisk x2  
  79  15:01  Drone x2  
  81  15:20  Drone x3  
  84  15:45  Hatchery  
  84  15:48  Extractor  
  82  15:50  Extractor  
  82  15:51  Extractor  
  82  15:52  Lair  
  82  15:53  Extractor  
  80  15:57  Drone x3  
  82  16:17  Ultralisk  
  88  16:19  Mutalisk x2  
  88  16:20  Hydralisk x2  
  88  16:22  Zergling x8  
  100  17:17  Drone x2  
  100  17:18  Drone  
  103  17:54  Drone x3  
  106  18:28  Overlord x3  
  106  19:27  Infestor  
  106  19:28  Infestor  
  110  19:37  Hydralisk  
  110  19:38  Hydralisk x2  
  114  19:40  Zergling x2  
  114  19:43  Adrenal Glands  
  117  19:46  Zerg Melee Weapons Level 1  
  117  19:50  Zerg Flyer Weapons Level 1  
  117  20:04  Drone x3  
  120  20:37  Spore Crawler  
  120  20:41  Drone, Spore Crawler  
  120  20:42  Drone x2  
  121  20:46  Spore Crawler  
  82  21:40  Zerg Missile Weapons Level 1  
  82  21:44  Zerg Flyer Armor Level 1  
  70  21:55  Zergling x10  
  70  21:56  Zergling x10  
  70  21:57  Zergling x4  
  82  22:04  Drone x3  
  76  23:02  Spine Crawler  
  70  23:06  Spine Crawler  
  70  23:10  Hydralisk x3  
  75  23:13  Spine Crawler  
  74  23:22  Ultralisk x2  
  74  23:23  Ultralisk  
  96  23:34  Roach x3  
  96  23:35  Zerg Ground Armor Level 1  
  96  23:36  Mutalisk x2  
  96  23:37  Mutalisk  
  104  23:44  Viper  
  103  24:04  Drone x2  
  103  24:05  Drone  
  106  24:33  Hatchery  
  106  24:37  Extractor  
  104  24:38  Extractor  
  54  25:42  Hive  
  54  26:15  Mutalisk  
  54  26:16  Mutalisk x3  
  54  26:17  Mutalisk  
  64  26:20  Ultralisk x3  
  64  26:24  Zergling x10  
  64  26:25  Zergling x2, Hydralisk x2  
  88  26:29  Roach x2  
  96  26:39  Lair  
  96  27:11  Mutalisk x3  
  96  27:12  Mutalisk x2  
  106  27:17  Zergling x12  
  106  27:18  Zergling x8  
  116  27:44  Drone x2  
  116  27:50  Drone  
  119  28:39  Overlord x3  
  119  28:49  Zergling x2  
  119  28:50  Zergling x4, Mutalisk  
  119  28:51  Hydralisk x2, Mutalisk  
  119  28:52  Hydralisk x2  
  119  28:54  Ultralisk x2  
  146  28:59  Overlord x2  
  146  29:01  Ultralisk  
  152  29:03  Ultralisk  
  152  29:04  Zergling x6  
  161  29:46  Overlord  
  161  29:47  Overlord x2  
  78  30:56  Mutalisk x5  
  78  30:57  Mutalisk x6  
  65  30:58  Mutalisk x4  
  87  31:26  Hatchery  
  84  31:33  Extractor  
  84  31:37  Extractor  
  82  31:54  Spore Crawler  
  82  32:01  Spore Crawler  
  80  32:04  Spore Crawler  
  80  32:05  Spore Crawler  
  78  32:15  Spore Crawler  
  52  32:41  Spore Crawler  
  52  32:42  Spore Crawler  
  48  32:45  Spore Crawler  
  48  32:46  Spore Crawler  
  48  32:49  Mutalisk x6  
  48  32:50  Mutalisk x5  
  48  32:51  Mutalisk  
  66  33:14  Spore Crawler  
  66  33:15  Spore Crawler x2  
  66  33:16  Spore Crawler  
  43  33:51  Hatchery  
  38  34:03  Drone x3  
  39  34:21  Drone x3  
  42  35:05  Hatchery  
  41  35:18  Ultralisk x3  
  41  35:19  Hatchery  
  57  35:52  Mutalisk x2  
  57  35:53  Mutalisk x4  
  51  36:29  Hatchery  
  38  36:50  Mutalisk  
  38  36:51  Mutalisk x5  
  32  37:38  Evolution Chamber  
  27  37:56  Drone x2  
  24  38:24  Spire  
  22  38:33  Nydus Network  
  20  38:35  Drone x3  
  20  38:41  Drone x3  
  21  39:29  Spawning Pool  
  20  39:32  Evolution Chamber  
  19  39:39  Infestation Pit  
  19  39:43  Hydralisk Den  
  17  39:51  Mutalisk x6  
  17  39:52  Mutalisk x3  
  35  40:31  Roach Warren  
  34  40:36  Baneling Nest  
  11  42:57  Mutalisk x3  
  11  42:58  Mutalisk x3  
  19  43:34  Hydralisk x3  
  13  44:00  Zergling x8  
  13  44:01  Zergling x2  
  7  44:50  Zergling x12  
  13  45:25  Hydralisk x2  
  13  45:26  Hydralisk x2  
  15  46:29  Zergling x2  
  15  46:30  Zergling x10  
  7  47:18  Zergling x2  
  7  47:19  Zergling x8  
  7  47:20  Zergling x2  
  6  48:13  Zergling x2  
  6  48:19  Zergling x2  
  5  48:31  Zergling x6  
Show
View Real Time Build Order
Export as new Build Order

tigro Terran - Winner!

Build Orders:  

Get SALT Encoding   

  12  0:05  SCV  
  13  0:17  SCV  
  14  0:30  SCV  
  15  0:45  Supply Depot  
  15  0:51  Refinery  
  15  1:05  Refinery  
  15  1:06  SCV  
  16  1:14  Supply Depot  
  16  1:20  SCV  
  17  1:32  SCV  
  18  1:44  SCV  
  19  1:56  SCV  
  20  2:08  SCV  
  21  2:20  SCV  
  22  2:32  SCV  
  23  2:37  Barracks  
  23  2:44  SCV  
  24  2:53  Command Center  
  24  2:56  SCV  
  25  3:25  Barracks  
  25  3:34  Marine  
  26  3:52  Marine  
  27  4:10  Marine  
  27  4:12  Barracks Tech Lab  
  28  4:24  SCV  
  28  4:28  Marine  
  30  4:34  Refinery  
  30  4:36  SCV  
  30  4:37  Marauder  
  33  4:41  Combat Shield  
  33  4:45  Marine  
  33  4:48  SCV  
  35  4:59  Marauder  
  37  5:00  SCV  
  37  5:03  Marine  
  39  5:11  Engineering Bay  
  39  5:13  SCV  
  40  5:20  Marauder  
  42  5:27  Barracks Tech Lab  
  42  5:39  Supply Depot  
  42  5:41  Marauder  
  40  5:52  Planetary Fortress  
  38  6:03  Marauder  
  39  6:19  SCV  
  39  6:21  Stimpack  
  40  6:31  SCV  
  41  6:43  SCV  
  42  6:55  SCV  
  42  6:56  Terran Infantry Weapons Level 1  
  42  7:00  Missile Turret  
  43  7:04  Marine  
  43  7:07  SCV  
  45  7:22  Marine  
  46  7:39  Marine  
  47  7:49  Factory  
  47  7:57  Marine  
  48  8:01  Concussive Shells  
  48  8:15  Marine  
  49  8:39  Factory Tech Lab  
  49  8:50  Terran Infantry Armor Level 1  
  49  9:00  Armory  
  49  9:15  Refinery  
  49  9:16  SCV  
  50  9:28  SCV  
  51  9:40  SCV  
  52  9:49  Supply Depot  
  52  9:52  SCV  
  53  10:04  SCV  
  54  10:10  Siege Tank  
  57  10:43  Siege Tank  
  57  10:44  Neosteel Armor  
  60  10:54  Supply Depot  
  60  11:16  Siege Tank  
  60  11:17  Missile Turret  
  63  11:48  Siege Tank  
  66  12:08  Missile Turret  
  66  12:20  Siege Tank  
  69  12:24  Hi-Sec Auto Tracking  
  69  12:41  Bunker  
  69  13:04  Infernal Pre-Igniter  
  69  13:19  Missile Turret  
  69  14:06  Starport  
  69  14:09  Missile Turret  
  64  14:23  Marauder, Mag-Field Accelerator  
  64  14:44  Marauder  
  66  15:06  Marauder  
  68  15:20  Bunker  
  68  15:27  Marauder  
  70  15:46  Missile Turret  
  70  16:03  Drilling Claws  
  70  16:19  Missile Turret  
  70  16:40  Starport Tech Lab  
  70  17:15  Refinery  
  70  17:17  Planetary Fortress  
  70  17:21  Smart Servos  
  70  17:23  Rapid Reignition System, Command Center  
  70  17:41  Terran Vehicle Weapons Level 1  
  70  17:45  Terran Infantry Weapons Level 2  
  70  17:48  Refinery  
  70  17:55  Missile Turret  
  70  18:18  Fusion Core  
  70  18:19  Corvid Reactor  
  70  18:22  Missile Turret  
  70  18:35  Marauder, Thor  
  78  18:43  Planetary Fortress  
  78  19:11  Weapon Refit  
  78  19:17  Thor  
  78  19:23  Missile Turret  
  84  19:36  Terran Vehicle And Ship Armor Level 1  
  84  19:38  Cloaking Field  
  84  20:01  Terran Infantry Armor Level 2  
  84  20:04  Factory  
  84  20:23  Supply Depot  
  84  20:45  Battlecruiser, Siege Tank  
  86  20:57  Hyperflight Rotors  
  79  21:11  Marauder  
  63  21:17  Cyclone  
  62  21:22  Factory Tech Lab  
  62  21:30  Terran Ship Weapons Level 1  
  62  21:32  Marauder  
  52  21:36  Marauder  
  54  21:49  Battlecruiser, Cyclone  
  54  21:54  Marauder  
  65  21:58  Marauder  
  66  22:15  Marauder  
  63  22:19  Marauder  
  63  22:21  Siege Tank  
  61  22:34  Missile Turret  
  60  22:38  Marine  
  60  22:40  Marauder  
  54  22:53  Siege Tank  
  54  22:54  Battlecruiser  
  54  22:56  Marine  
  60  23:02  Marauder  
  59  23:14  Marine  
  60  23:23  Marine  
  60  23:26  Missile Turret  
  61  23:32  Marine  
  62  23:40  Marine  
  63  23:49  Marine  
  64  23:58  Marine, Battlecruiser  
  68  24:07  Marine  
  68  24:16  Marine  
  67  24:25  Marine  
  67  24:27  Missile Turret  
  67  24:34  Marine  
  67  24:43  Marine  
  67  24:44  Thor  
  74  24:52  Marine  
  63  25:01  Marine  
  63  25:02  Battlecruiser  
  61  25:19  Marine  
  57  25:36  Marine  
  58  25:59  Barracks Tech Lab  
  58  26:16  Thor  
  64  26:23  Battlecruiser  
  70  26:34  SCV  
  71  26:46  SCV  
  72  26:51  Missile Turret  
  72  26:59  Thor  
  78  27:10  Command Center  
  78  28:22  Thor, Marine, Battlecruiser  
  91  28:28  Refinery  
  91  28:29  Supply Depot  
  91  28:40  Marine  
  92  28:45  Supply Depot  
  92  28:57  Marine  
  92  28:58  Refinery  
  93  29:05  Thor  
  99  29:15  Marine  
  100  29:26  Battlecruiser  
  106  29:33  Marine  
  107  29:51  Marine, Missile Turret  
  108  30:09  Marine  
  79  30:21  Supply Depot  
  57  32:04  Battlecruiser  
  63  32:25  Barracks  
  57  33:08  Battlecruiser  
  57  33:45  Barracks Tech Lab  
  57  33:55  Barracks  
  57  34:11  Marauder  
  57  34:12  Battlecruiser  
  57  34:17  Siege Tank  
  68  34:33  Marauder  
  70  34:49  Siege Tank  
  73  34:54  Marauder  
  75  35:15  Marauder, Barracks Tech Lab  
  75  35:17  Battlecruiser  
  75  35:21  Siege Tank  
  86  35:37  Marauder  
  86  35:39  Marine  
  87  35:53  Siege Tank  
  87  35:56  Marine  
  90  35:58  Marine  
  92  36:07  Missile Turret  
  92  36:13  SCV  
  92  36:14  Marine  
  92  36:15  Marine  
  95  36:21  Battlecruiser  
  95  36:25  Siege Tank, SCV  
  102  36:32  Marine  
  103  36:33  Marine  
  103  36:37  SCV  
  105  36:49  SCV  
  105  36:50  Marine  
  107  36:57  Siege Tank  
  107  37:01  SCV  
  108  37:29  Missile Turret  
  101  38:21  Marine  
  101  38:25  Marine  
  103  38:38  Marine  
  102  38:42  Marine  
  103  38:56  Marine  
  103  39:00  Marine  
  105  39:14  Marine  
  104  39:18  Marine  
  105  39:32  Marine  
  105  39:36  Marine  
  105  39:38  Planetary Fortress  
  107  39:52  Refinery  
  107  40:08  Missile Turret  
  101  44:03  Missile Turret  
  101  44:35  Marine  
  102  45:16  Supply Depot  
  102  45:37  Marine  
  102  45:38  Medivac  
  105  45:55  Marine  
  105  46:08  Medivac  
  107  46:13  Marine  
  108  46:31  Marine  
  106  47:20  Marine  
  107  47:24  Marine  
  108  47:38  Marine  
  108  47:42  Marine  
  110  48:49  Marine  
Tags
 
Matchup
TvZ
Opening
Pool First
Replay Pack
MrFercho
Spawn Locations
Cross Positions
Add a new tag
Caveats
  • Supply blocks, unpowered buildings, or Contaminate may cause inaccurate times.
  • Supply counts are checked every 10 seconds.